 Dungeon Crawl Stone Soup version 0.17-a0-1545-gc1bb672 (webtiles) character file.

329 Eptagon the Insei (level 6, -4/38 HPs)
             Began as an Octopode Transmuter on July 18, 2015.
             Was a Follower of Ashenzari.
             Slain by an ogre
             ... wielding a +0 giant spiked club
              (29 damage)
             ... on level 4 of the Dungeon.
             The game lasted 00:08:51 (3860 turns).

Eptagon the Insei (Octopode Transmuter)             Turns: 3860, Time: 00:08:51

Health: -4/38      AC:  1    Str: 10    XL:     6   Next: 51%
Magic:  9/9        EV: 12    Int: 18    God:    Ashenzari [*.....]
Gold:   164        SH:  0    Dex: 14    Spells: 1 memorised, 8 levels left

rFire  . . .     SeeInvis .       - Unarmed
rCold  . . .     Clarity  .     (no shield)
rNeg   . . .     SustAt   .     (helmet restricted)
rPois  .         Gourm    .     (no amulet)
rElec  .         Spirit   .     j - +3 ring of intelligence (curse)
rCorr  .         Warding  .     (no ring)
rMut   .         Stasis   .     (no ring)
MR     .....                    (no ring)
Stlth  ++........               (no ring)
                                (no ring)
                                (no ring)
                                (no ring)

@: not resistant to hostile enchantments, unstealthy
A: almost no armour, amphibious, 8 rings, constrict 8, camouflage 1, gelatinous
body 1
a: Scrying, Renounce Religion


You were on level 4 of the Dungeon.
You worshipped Ashenzari.
Ashenzari was aware of your devotion.
You were not hungry.

You visited 1 branch of the dungeon, and saw 4 of its levels.

You collected 164 gold pieces.

Inventory:

Missiles
 m - 23 poisoned needles
 u - 4 needles of sleeping
Jewellery
 j - a cursed +3 ring of intelligence (left tentacle)
Scrolls
 f - a scroll of curse armour
 h - a scroll of amnesia {unknown}
 i - a scroll of magic mapping {unknown}
 o - a scroll of enchant weapon {unknown}
 s - a scroll of teleportation {unknown}
 v - a scroll of enchant armour {unknown}
 w - a scroll of random uselessness {unknown}
 y - 2 scrolls of fog {unknown}
Potions
 a - 2 potions of resistance {unknown}
 d - 3 potions of lignification {unknown}
 e - a potion of curing
 g - a potion of flight
 k - 2 potions of brilliance {unknown}
 l - a potion of heal wounds
 q - a potion of magic {unknown}
Books
 b - a book of Changes

   Spells                             Type                      Level
   a - Beastly Appendage              Transmutation                1
   b - Sticks to Snakes               Transmutation                2
   c - Spider Form                    Transmutation/Poison         3
   d - Ice Form                       Ice/Transmutation            4
   e - Blade Hands                    Transmutation                5
Comestibles
 c - 4 bread rations
 n - a beef jerky
 p - 2 meat rations
 r - 3 chunks of flesh
 t - a slice of pizza
 x - 4 fruits


   Skills:
 - Level 1.0 Fighting
 - Level 2.0 Dodging
 + Level 7.1 Unarmed Combat
 - Level 2.0 Spellcasting
 - Level 2.0 Transmutations


You had 8 spell levels left.
You knew the following spells:

 Your Spells              Type           Power        Failure   Level  Hunger
a - Beastly Appendage     Trmt           #.....       10%         1    #......


Dungeon Overview and Level Annotations

Branches:
Dungeon (4/15)
 Temple: D:4-7

Altars:
Ashenzari
Gozag
Trog
The Shining One


Innate Abilities, Weirdness & Mutations

You cannot wear most types of armour.
You are amphibious.
You can wear up to eight rings at the same time.
You can use your tentacles to constrict eight enemies at once.
Your skin changes colour to match your surroundings (Stealth).
Your rubbery body absorbs attacks (AC +1).


Message History

The ogre is almost dead.
The ogre hits you with a giant spiked club!
You tentacle-slap the ogre.
You kill the ogre!
Your Unarmed Combat skill increases to level 7!
Found 18 gold pieces.
You see here an uncursed club.
Items here: )) [ † an uncursed club; an uncursed dagger; an uncursed robe; a hobgoblin corpse You see here an uncursed mace of protection.
You start resting.
You tentacle-slap the ogre but do no damage.
You tentacle-slap the ogre. Your squeeze misses the ogre.
The ogre is lightly wounded.
The ogre closely misses you.
You bludgeon the ogre! You tentacle-slap the ogre.
The ogre is severely wounded.
The ogre hits you with a giant spiked club!!
Ouch! That really hurt!
You die...

#.# #.# #.#
#.# #.#
#########.##
...........##
###.....O...#
........#@###
.######O#.#
#.#.# ###
#.#.# ...##
#.#.# #.#..
#.#.# #.#.#
#.#.### #.#.#
#.#...#
####)#.#
#.#..##


You could see an ogre.

Vanquished Creatures
  An ogre (D:4)
  2 orc wizards (D:4)
  A worker ant (D:4)
  8 adders
  An ooze (D:3)
  3 worms (D:2)
  3 giant geckos
  3 orcs (D:4)
  7 bats
  3 giant cockroaches
  12 hobgoblins
  8 jackals
  8 kobolds
  A quokka (D:2)
  3 giant newts
  7 goblins
  11 rats
82 creatures vanquished.

Notes
Turn   | Place    | Note
--------------------------------------------------------------
     0 | D:1      | Eptagon the Octopode Transmuter began the quest for the Orb.
     0 | D:1      | Reached XP level 1. HP: 13/13 MP: 3/3
   230 | D:1      | Reached XP level 2. HP: 12/18 MP: 5/5
   808 | D:1      | Reached skill level 4 in Unarmed Combat
   881 | D:1      | Reached XP level 3. HP: 16/23 MP: 6/6
  1055 | D:2      | Found an opulent altar of Gozag.
  1136 | D:2      | Found a glowing golden altar of the Shining One.
  1466 | D:2      | Reached XP level 4. HP: 28/28 MP: 7/7
  1468 | D:2      | Found a faded altar to an unknown god.
  1479 | D:2      | Reached skill level 5 in Unarmed Combat
  1487 | D:2      | Became a worshipper of Ashenzari the Shackled
  1487 | D:2      | Acquired Ashenzari's first power
  2374 | D:2      | Reached XP level 5. HP: 30/33 MP: 8/8
  2383 | D:2      | Found a bloodstained altar of Trog.
  3680 | D:4      | Reached skill level 6 in Unarmed Combat
  3739 | D:4      | Reached XP level 6. HP: 35/38 MP: 9/9
  3763 | D:4      | Noticed an ogre
  3773 | D:4      | Noticed an ogre
  3786 | D:4      | Killed an ogre
  3786 | D:4      | Reached skill level 7 in Unarmed Combat
  3860 | D:4      | Slain by an ogre

Vault maps used:
D:1:      lemuel_arrival_rhombus
D:2:      lemuel_coloured_pillars_altar, nicolae_overflow_crystal_walls,
          nicolae_tso_swordbearing_angel, ecumenical_altar_1
D:3:      first_bread, kennysheep_generic_room_6
D:4:      kennysheep_mini, okawaru_altar_gauntlet_db

Action                   |  1- 3 |  4- 6 || total
-------------------------+-------+-------++-------
Melee: Unarmed           |    75 |   120 ||   195
  Use: Scroll            |       |     5 ||     5
 Stab: Sleeping          |     5 |     8 ||    13
       Distracted        |     1 |     1 ||     2
  Eat: Chunk             |     2 |     7 ||     9
